 Dungeon Crawl Stone Soup version 0.30-a0-830-gfe289a77b0 (webtiles) character file.

Game seed: 2711090262257287002

6670 gelatine the Arsonist (level 10, -11/76 HPs)
             Began as a Demonspawn Fire Elementalist on Mar 1, 2023.
             Was a Priest of Vehumet.
             Mangled by Gastronok (26 damage)
             ... on level 8 of the Dungeon.
             The game lasted 00:33:31 (11124 turns).

gelatine the Arsonist (DsFE)                       Turns: 11124, Time: 00:33:32

Health: -11/76     AC:  7    Str:  8    XL:     10   Next: 73%
Magic:  17/28      EV: 18    Int: 21    God:    Vehumet [***...]
Gold:   317        SH:  4    Dex: 20    Spells: 14/21 levels left

rFire   . . .      SeeInvis .    G - +4 quarterstaff "Plog" {freeze, rPois MP+9}
rCold   . . .      Faith    .    (shield currently unavailable)
rNeg    . . .      Spirit   .    F - +2 robe {Will+}
rPois   +          Reflect  .    (no helmet)
rElec   .          Harm     .    (no cloak)
rCorr   .          Rampage  .    g - +2 pair of gloves
Will    +....                    (no boots)
Stlth   ++                       K - amulet of magic regeneration
HPRegen 0.32/turn                c - +6 ring of dexterity
MPRegen 0.82/turn                J - ring of wizardry

@: no status effects
A: hooves 2, repulsion field 2, demonic guardian 2, magic regeneration, large
bone plates 1, wild magic 1
a: Renounce Religion


You were on level 8 of the Dungeon.
You worshipped Vehumet.
Vehumet was most pleased with you.
You visited 2 branches of the dungeon, and saw 10 of its levels.

You collected 455 gold pieces.
You spent 138 gold pieces at shops.

Inventory:

Hand Weapons
 o - a +1 dagger of venom
 p - a +1 short sword of venom
 G - the +4 quarterstaff "Plog" (weapon) {freeze, rPois MP+9}
   (You found it on level 9 of the Dungeon)

   rPois:     It protects you from poison.
   MP:        It affects your magic capacity (+9).
Armour
 b - +0 steam dragon scales
 e - +0 swamp dragon scales
 g - a +2 pair of gloves (worn)
 q - an orb of guile
 C - a +3 leather armour of cold resistance
 F - a +2 robe of willpower (worn)
Magical Staves
 I - a staff of air
Jewellery
 c - a +6 ring of dexterity (left hand)
 h - a ring of ice
 w - a ring of poison resistance
 A - an amulet of guardian spirit
 E - a ring of fire
 J - a ring of wizardry (right hand)
 K - an amulet of magic regeneration (around neck)
Wands
 n - a wand of iceblast (5)
 t - a wand of digging (6)
 B - a wand of flame (25)
 H - a wand of polymorph (3)
 M - a wand of charming (6)
Scrolls
 d - 4 scrolls of noise {unknown}
 f - 3 scrolls of vulnerability {unknown}
 j - a scroll of poison {unknown}
 l - 4 scrolls of blinking
 m - a scroll of enchant armour
 r - a scroll of magic mapping
 s - 2 scrolls of immolation {unknown}
 u - 5 scrolls of teleportation {unknown}
 y - a scroll of enchant weapon
 N - a scroll of acquirement
 O - 3 scrolls of identify
 P - a scroll of amnesia {unknown}
Potions
 a - a potion of berserk rage
 i - a potion of flight
 k - 2 potions of curing
 v - 4 potions of attraction
 x - 2 potions of haste {unknown}
 z - 3 potions of lignification
 D - a potion of brilliance
 L - a potion of mutation
 Q - a potion of ambrosia {unknown}
 R - a potion of experience {unknown}


   Skills:
 * Level 5.8 Fighting
 + Level 2.0 Short Blades
 * Level 1.7 Staves
 + Level 4.7 Armour
 * Level 5.1 Dodging
 + Level 2.1 Stealth
 * Level 2.2 Shields
 + Level 0.1 Unarmed Combat
 + Level 6.2 Spellcasting
 * Level 6.5 Conjurations
 * Level 8.3 Fire Magic
 * Level 0.8 Evocations


You had 14 spell levels left.
You knew the following spells:

 Your Spells              Type           Power      Damage    Failure   Level
a - Foxfire               Conj/Fire      100%       2x1d9     1%          1
b - Scorch                Fire           100%       2d10      1%          2
c - Flame Wave            Conj/Fire      49%        2d12      1%          4

Your spell library contained the following spells:

 Spells                   Type           Power      Damage    Failure   Level
 Searing Ray              Conj           88%        2d7       1%          2
 Magic Dart               Conj           100%       1d8       1%          1
 Momentum Strike          Conj/Tloc      52%        3d9       1%          2
 Inner Flame              Hex/Fire       31%        N/A       1%          3
 Kindle Blastsparks       Fire/Tloc/Air  46%        2d13      1%          3
 Poisonous Vapours        Pois/Air       16%        N/A       2%          2
 Mephitic Cloud           Conj/Pois/Air  20%        N/A       2%          3
 Blink                    Tloc           16%        N/A       9%          2
 Call Imp                 Summ           8%         N/A       9%          2
 Cigotuvi's Dreadful Rot  Necr/Pois/Air  16%        N/A       9%          2
 Lesser Beckoning         Tloc           16%        N/A       9%          2
 Sublimation of Blood     Necr           8%         N/A       9%          2
 Irradiate                Conj/Tmut      13%        3d16      10%         5
 Gell's Gravitas          Tloc           8%         N/A       16%         3
 Teleport Other           Tloc           8%         N/A       16%         3
 Dispel Undead            Necr           8%         3d8       41%         4
 Leda's Liquefaction      Hex/Erth       4%         N/A       41%         4
 Petrify                  Tmut/Erth      8%         N/A       41%         4
 Alistair's Intoxication  Tmut/Pois      5%         N/A       75%         5
 Borgnjor's Vile Clutch   Necr/Erth      4%         N/A       75%         5
 Eringya's Noxious Bog    Tmut/Pois      4%         N/A       78%         6
 Death Channel            Necr           4%         N/A       99%         6
 Dispersal                Tloc           4%         N/A       99%         6
 Summon Hydra             Summ           4%         N/A       100%        7
 Dragon's Call            Summ           4%         N/A       100%        9


Dungeon Overview and Level Annotations

Branches:
Dungeon (9/15)             Temple (1/1) D:4             Orc (0/2) D:9
   Lair: D:8-11

Altars:
Ashenzari
Cheibriados
Dithmenos
Fedhas
Hepliaklqana
Kikubaaqudgha
Makhleb
Nemelex Xobeh
Okawaru
Qazlal
Ru
Sif Muna
Trog
Uskayaw
Vehumet
Wu Jian
Xom
Yredelemnul

Shops:
D:4 ?   D:5 (

Annotations:
D:8 Gastronok


Innate Abilities, Weirdness & Mutations

You have hoof-like feet.
You are surrounded by a moderate repulsion field. (EV +3)
A demonic guardian rushes to your aid.
You regenerate magic rapidly.
You are partially covered in large bone plates. (SH +4)
Your spells are a little harder to cast, but a little more powerful.


Message History

A wave of flame ripples out!
The flame wave engulfs Gastronok!
Gastronok is burned terribly!
Gastronok is severely wounded. (Press . to intensify the flame waves.) Gastronok waves his eye-stalks in wide circles.
The air twists around and strikes you!!
Casting: Flame Wave (dangerous; 1% risk of failure)
Confirm with . or Enter, or press ? or * to list all spells.
Restarting spell: Flame Wave (dangerous; 1% risk of failure)
Press: ? - help, Dir - look around, f - activate A wave of flame ripples out!
The flame wave engulfs Gastronok!
Gastronok is burned terribly!
Gastronok is severely wounded. (Press . to intensify the flame waves.)
A wave of flame ripples out!
The flame wave engulfs Gastronok!!
Gastronok is burned terribly!
Gastronok is almost dead.
The flame wave engulfs the wight!
The wight is severely damaged.
A wight comes into view. It is wielding a +0 dagger.
A wight comes into view. It is wielding a +3 short sword.
The wight hits you from afar with a +4 halberd.
Gastronok bites you!!
* * * LOW HITPOINT WARNING * * *
A demonic guardian appears!
A wave of flame ripples out!
The flame wave engulfs Gastronok.
Gastronok is burned terribly!
Gastronok is almost dead.
Your demonic guardian avoids your attack.
The flame wave engulfs the wight!
You destroy the wight!
Vehumet accepts your kill.
You feel your power returning.
You finish channelling waves of flame.
Your rust devil completely misses Gastronok.
Casting: Flame Wave (dangerous; 1% risk of failure)
Confirm with . or Enter, or press ? or * to list all spells.
Flames lash Gastronok.
Gastronok is burned terribly!
Gastronok is almost dead.
Gastronok bites you!!
You die...

........#...#.<#..###...#########
.....#..#...####..####..###......
...#.#.<.......#.........##......
####.#####...............##......
#........#...#........##......
########.#.#.#.........#......
#.#.#.#................
#.#.#.#+########.......
#.#...@.4.# ##......
#.####.w..#######'##### #.#
.)................ #.#
#.#+#..........###. #.# #z
#..........+ #z #..........# ..
#.....<....+ .# #..........#
#..............


You could see Gastronok (combustible, ally target), 2 wights and a friendly rust
devil (summoned).

Vanquished Creatures
  A two-headed ogre (D:8)
  Pikel (D:5)
  Maggie (D:6)
  4 yaks (D:9)
  A steam dragon (D:7)
  A water moccasin (D:7)
  A sky beast (D:7)
  The ghost of DiggyJ the Ruffian, an amateur TrBe of Trog (D:3)
  3 orc warriors
  An ice beast (D:6)
  2 ogres
  4 lemures
  A centaur (D:9)
  A phantom (D:7)
  A kobold brigand (D:7)
  5 bullfrogs
  5 necrophages
  A wyvern zombie (D:3)
  A gnoll sergeant (D:9)
  3 scorpions
  7 wights
  12 killer bees (D:9)
  4 howler monkeys (D:7)
  A centaur skeleton (D:3)
  4 hounds
  3 orc priests
  A bullfrog skeleton (D:3)
  5 jellies
  5 iguanas
  6 orc wizards
  6 gnolls
  2 adders (D:5)
  2 white imps
  An ufetubus (D:7)
  A dart slug (D:3)
  14 orcs
  6 endoplasms
  3 giant cockroaches
  3 goblins
  5 hobgoblins
  14 kobolds
  4 quokkas
  2 ball pythons
  8 bats
  2 frilled lizards (D:3)
  2 rats
162 creatures vanquished.

Vanquished Creatures (collateral kills)
  Eustachio (D:5)
  Duvessa (D:5)
  A centaur (D:9)
  An ogre (D:4)
  Blork the orc (D:5)
  A scorpion (D:5)
  2 wights (D:9)
  Dowan (D:5)
  A killer bee (D:9)
  A hound (D:5)
  2 gnolls
  A worm (D:5)
14 creatures vanquished.

Vanquished Creatures (others)
  692 foxfires
692 creatures vanquished.

Grand Total: 868 creatures vanquished

Notes
Turn   | Place    | Note
-------+----------+-------------------------------------------
     0 | D:1      | gelatine the Demonspawn Fire Elementalist began the quest
                  | for the Orb.
     0 | D:1      | Reached XP level 1. HP: 13/13 MP: 3/3
   391 | D:1      | Reached skill level 3 in Fire Magic
   391 | D:1      | Gained mutation: You have large cloven feet. [demonic
                  | ancestry]
   391 | D:1      | Reached XP level 2. HP: 13/19 MP: 5/5
   460 | D:1      | Learned a level 2 spell: Scorch
  1222 | D:2      | Found a faded altar of an unknown god.
  2171 | D:3      | Reached XP level 3. HP: 22/25 MP: 2/6
  2171 | D:3      | Found a transporter.
  2652 | D:3      | Reached skill level 1 in Fighting
  2652 | D:3      | Gained mutation: A weak demonic guardian rushes to your
                  | aid. [demonic ancestry]
  2652 | D:3      | Reached XP level 4. HP: 29/32 MP: 0/7
  2726 | D:3      | Found a broken altar of Ashenzari.
  2763 | D:3      | Found a transporter.
  2763 | D:3      | Noticed DiggyJ's ghost (amateur TrBe)
  2946 | D:3      | Reached skill level 1 in Armour
  3736 | D:4      | Found a bloodstained altar of Trog.
  3785 | D:4      | Gained mutation: A demonic guardian rushes to your aid.
                  | [demonic ancestry]
  3785 | D:4      | Reached XP level 5. HP: 37/37 MP: 4/8
  3837 | D:4      | Noticed an ogre
  3853 | D:4      | Killed an ogre
  3944 | D:4      | Gained mutation: You are surrounded by a mild repulsion
                  | field. (EV +2) [demonic ancestry]
  3944 | D:4      | Reached XP level 6. HP: 36/43 MP: 1/10
  4022 | D:4      | Found Dapagg's Magic Scroll Emporium.
  4049 | D:4      | Bought a scroll of enchant armour for 90 gold pieces
  4049 | D:4      | Bought a scroll of identify for 24 gold pieces
  4049 | D:4      | Bought a scroll of identify for 24 gold pieces
  4149 | D:4      | Found a staircase to the Ecumenical Temple.
  4215 | Temple   | Entered the Ecumenical Temple
  4409 | Temple   | Became a worshipper of Vehumet
  4597 | D:4      | Reached skill level 4 in Fire Magic
  4959 | D:5      | Entered Level 5 of the Dungeon
  4959 | D:5      | Noticed Pikel
  5106 | D:5      | Found Cippane's Weapon Shop.
  5116 | D:5      | Noticed Blork the orc
  5124 | D:5      | Killed Blork the orc
  5256 | D:5      | Noticed Duvessa
  5260 | D:5      | Noticed Dowan
  5292 | D:5      | Gained mutation: Potions are less effective at restoring
                  | your health. [potion of mutation]
  5292 | D:5      | Gained mutation: You are partially covered in large bone
                  | plates. (SH +4) [potion of mutation]
  5292 | D:5      | Gained mutation: You have hidden genetic potential. [potion
                  | of mutation]
  5295 | D:5      | Gained mutation: You are surrounded by a moderate repulsion
                  | field. (EV +3) [demonic ancestry]
  5295 | D:5      | Reached XP level 7. HP: 21/50 MP: 0/11
  5303 | D:5      | Killed Duvessa
  5624 | D:5      | Noticed Eustachio
  5661 | D:5      | Killed Eustachio
  5662 | D:5      | Reached skill level 1 in Short Blades
  5662 | D:5      | Reached XP level 8. HP: 20/57 MP: 2/14
  5662 | D:5      | Killed Dowan
  5663 | D:5      | Reached skill level 1 in Shields
  5971 | D:5      | Killed Pikel
  5972 | D:5      | Reached skill level 5 in Fire Magic
  5980 | D:5      | Reached * piety under Vehumet
  5980 | D:5      | Offered knowledge of Sandblast by Vehumet.
  5984 | D:5      | Gained mutation: You are agile. (Dex +4, Str/Int -1)
                  | [hidden potential]
  6435 | D:6      | Got the Meditations on Unfortunate Beckoning
  6448 | D:6      | Noticed Maggie
  6465 | D:6      | Killed Maggie
  6466 | D:6      | Gained mutation: You have hoof-like feet. [demonic
                  | ancestry]
  6466 | D:6      | Reached XP level 9. HP: 9/64 MP: 13/15
  6675 | D:6      | Reached skill level 6 in Fire Magic
  6817 | D:6      | Found an ornate altar of the Wu Jian Council.
  6818 | D:6      | You fall into a shaft and drop 3 floors!
  6978 | D:9      | Found a staircase to the Orcish Mines.
  7079 | D:9      | Reached skill level 5 in Spellcasting
  7080 | D:9      | Gained mutation: Your spells are a little harder to cast,
                  | but a little more powerful. [hidden potential]
  7080 | D:9      | Lost mutation: You have hidden genetic potential. [hidden
                  | potential expressed]
  7166 | D:9      | Found a blossoming altar of Fedhas.
  7166 | D:9      | Identified the +4 quarterstaff "Plog" {freeze, rPois MP+9}
  7168 | D:9      | Found a hazy altar of Hepliaklqana.
  7172 | D:9      | Lost mutation: You are agile. (Dex +4, Str/Int -1) [potion
                  | of mutation]
  7172 | D:9      | Lost mutation: Potions are less effective at restoring your
                  | health. [potion of mutation]
  7585 | D:9      | Reached skill level 5 in Conjurations
  7585 | D:9      | HP: 2/62 [wight/+3 mace of freezing (3)]
  7834 | D:9      | Reached skill level 7 in Fire Magic
  7917 | D:9      | Reached ** piety under Vehumet
  7917 | D:9      | Offered knowledge of Kiss of Death by Vehumet.
  8254 | D:9      | Gained mutation: You regenerate magic rapidly. [demonic
                  | ancestry]
  8254 | D:9      | Reached XP level 10. HP: 57/73 MP: 18/18
  8265 | D:9      | Reached skill level 5 in Fighting
  8394 | D:9      | Learned a level 4 spell: Flame Wave
  8439 | D:9      | Found a shimmering altar of Xom.
  8791 | D:8      | Reached skill level 1 in Staves
  8909 | D:7      | Found a sparkling altar of Nemelex Xobeh.
  9184 | D:3      | Killed DiggyJ's ghost
  9398 | D:6      | Offered knowledge of Searing Ray by Vehumet.
  9723 | D:7      | Reached skill level 5 in Dodging
  9874 | D:7      | Reached skill level 8 in Fire Magic
 10091 | D:7      | Reached *** piety under Vehumet
 10350 | D:7      | Identified a scroll of acquirement
 10806 | D:8      | Noticed Gastronok
 11054 | D:8      | Noticed a two-headed ogre
 11058 | D:8      | Killed a two-headed ogre
 11124 | D:8      | Mangled by Gastronok

Illustrated notes

Levels and vault maps discovered:
D:1:      matt_arrival_los_fun, layout_basic
D:2:      layout_loops_corners, ebering_ecumenical_altar_abandoned
D:3:      layout_loops_ring, general_overflow_altar, gammafunk_ghost_mausoleum,
          roderic_roman_lattice, st_stairs_4
D:4:      layout_basic, nicolae_overflow_crystal_walls,
          minmay_temple_entry_junction_2, serial_shops,
          nicolae_shop_temple_entry_statues_fountains,
          hangedman_decor_clover_reticule, kennysheep_diamond
D:5:      layout_basic, serial_shops, nicolae_shop_bloodbath_and_beyond,
          uniq_eustachio, uniq_duvessa, uniq_blork_the_orc, uniq_pikel
D:6:      layout_cave_pools, nzn_wu_jian_contemplation, uniq_maggie
D:7:      layout_loops_ring, lemuel_coloured_pillars_altar, zin_scriptorium,
          mainiacjoe_overflow_paths, tso_metal_star, grunt_decor_one_mirror,
          st_stairs_5, dk_noncrumbling_2
D:8:      layout_basic, grunt_gozag_breadcrumbs, corexii_hall_statues_i,
          uniq_gastronok
D:9:      layout_basic, tgw_xom, grunt_temple_overflow_open, orc_0_dummy
Temple:   grunt_temple_mini_profane

Skill      XL: |  1  2  3  4  5  6  7  8  9 10 |
---------------+-------------------------------+-----
Fire Magic     | 3 4 5 7 8 |  8.3
Dodging        | 2 3 4 5 |  5.1
Fighting       | 1 2 3 4 5 |  5.8
Armour         | 1 2 3 4 |  4.7
Conjurations   | 2 3 4 5 6 |  6.5
Spellcasting   | 3 4 5 6 |  6.2
Stealth        | 2 |  2.1
Short Blades   | 1 2 |  2.0
Shields        | 1 2 |  2.2
Staves         | 1 |  1.7
Unarmed Combat | |  0.1
Evocations     | |  0.8

Action                     |  1- 3 |  4- 6 |  7- 9 | 10-12 || total
---------------------------+-------+-------+-------+-------++-------
  Melee: Unarmed           |    69 |       |       |       ||    69
         Kick              |     3 |    11 |    51 |     3 ||    68
         Short sword       |     5 |    40 |   100 |       ||   145
         Punch             |       |     1 |     5 |       ||     6
         Dagger            |       |       |    14 |       ||    14
         Quarterstaff      |       |       |    27 |    22 ||    49
   Cast: Foxfire           |    64 |    97 |   117 |   139 ||   417
         Scorch            |     3 |     5 |    59 |    30 ||    97
         Flame Wave        |       |       |       |     5 ||     5
  Evoke: Wand              |       |       |     3 |       ||     3
    Use: Scroll            |       |     6 |     7 |     2 ||    15
         Potion            |       |     3 |     8 |     1 ||    12
 Armour: Swamp dragon scal |    48 |    24 |    27 |       ||    99
         Robe              |     3 |       |    12 |    13 ||    28
         Leather armour    |       |       |    12 |       ||    12
  Dodge: Dodged            |    44 |    61 |   143 |    40 ||   288
  Block: Other             |       |     1 |    38 |     8 ||    47

Table legend: (Time is in decaauts)
 A = Elapsed time spent in this place.
 B = Non-inter-level travel time spent in this place.
 C = Inter-level travel time spent in this place.
 D = Time resting spent in this place.
 E = Time spent auto-exploring this place.
 F = Levels seen in this place.
 G = Mean time per level.
                   A        B        C        D        E       F      G
               +--------+--------+--------+--------+--------+-----+--------+
         Total |  11132 |  10353 |    779 |      0 |   8638 |  10 | 1113.2 |
       Dungeon |  10911 |  10178 |    733 |      0 |   8470 |   9 | 1212.3 |
        Temple |    220 |    174 |     46 |      0 |    168 |   1 |  220.0 |
               +--------+--------+--------+--------+--------+-----+--------+

Top non-repeatable levels by time:
     D:9: 1967 daAuts
     D:7: 1541 daAuts
     D:4: 1495 daAuts
     D:3: 1464 daAuts
     D:5: 1227 daAuts
     D:2: 1108 daAuts
     D:1: 1054 daAuts
     D:6: 843 daAuts
  Temple: 220 daAuts
     D:8: 209 daAuts
